 Dungeon Crawl Stone Soup version 0.31-a0-246-g8cbcc1cb85 (webtiles) character file.

Game seed: 14530432623943619306

608 qw the Shooter (level 7, -6/43 HPs)
             Began as a Gargoyle Hexslinger on July 12, 2023.
             Mangled by Duvessa
             ... wielding a +0 short sword
              (15 damage)
             ... on level 4 of the Dungeon.
             The game lasted 00:01:09 (2868 turns).

qw the Shooter (Gargoyle Hexslinger)                Turns: 2868, Time: 00:01:09

Health: -6/43      AC:  8    Str: 11 (12) XL:     7   Next: 43%
Magic:  8/8        EV: 11    Int: 11 (13) God:
Gold:   16         SH:  0    Dex: 12 (14) Spells: 7/8 levels left

rFire   . . .        Y - +4 orcbow (freeze)
rCold   . . .        (shield currently unavailable)
rNeg    + . .        l - +0 leather armour
rPois   inf          (no helmet)
rElec   +            (no cloak)
rCorr   .            (no gloves)
SInv    .            f - +0 pair of boots
Will    .....        m - amulet of regeneration
Stlth   +            q - +4 ring of slaying {mikee}
HPRegen 1.07/turn    (no ring)
MPRegen 0.11/turn

%: no passive effects
@: about to teleport
A: sickness immunity, AC +4, negative energy resistance 1, electricity
resistance, torment resistance 1, petrification resistance
a: no special abilities


You were on level 4 of the Dungeon.
You visited 1 branch of the dungeon, and saw 4 of its levels.

You collected 213 gold pieces.
You spent 197 gold pieces at shops.


Innate Abilities, Weirdness & Mutations

You are immune to sickness and miasma.
Your stone body is resilient. (AC +4)
You are immune to poison.
You resist negative energy. (rN+)
You are resistant to electric shocks. (rElec)
You are resistant to unholy torment.
You are immune to petrification.


   Skills:
 - Level 4.2 Fighting
 + Level 6.9 Ranged Weapons
 - Level 1.0 Armour
 - Level 1.5 Dodging
 - Level 1.0 Spellcasting
 - Level 2.6 Hexes


You had 7 spell levels left.
You knew the following spells:

 Your Spells              Type           Power      Damage    Failure   Level
a - Slow                  Hex            24%        N/A       14%         1

Your spell library contained the following spells:

 Spells                   Type           Power      Damage    Failure   Level
 Inner Flame              Hex/Fire       3%         N/A       58%         3
 Portal Projectile        Hex/Tloc       6%         N/A       58%         3
 Cause Fear               Hex            3%         N/A       80%         4

Inventory:

Hand Weapons
 Y - a +4 orcbow of freezing (weapon)
Armour
 f - a +0 pair of boots (worn)
 l - a +0 leather armour (worn)
Jewellery
 m - an amulet of regeneration (around neck)
 q - a +4 ring of slaying (left hand) {mikee}
Scrolls
 a - a scroll of teleportation
 j - a scroll of identify
Potions
 b - a potion of enlightenment {unknown}
 g - a potion of haste {unknown}
 h - a potion of might {unknown}
 i - a potion of heal wounds {unknown}
 k - a potion of brilliance {unknown}
 n - a potion of resistance {unknown}

Dungeon Overview and Level Annotations

Branches:
Dungeon (4/15)
 Temple: D:4-7

Altars:
Dithmenos
Gozag
Ru
The Shining One

Shops:
D:2 :   D:4 *!*

Annotations:
D:2 1 runed translucent door, Crazy Yiuf
D:3 2 runed translucent doors
D:4 Duvessa


Message History

Enter note:
Enter note:
Enter note:
Enter note:
Enter note:
Enter note:
Enter note: You shoot an arrow.
The arrow hits Dowan!
The arrow freezes Dowan.
Dowan is almost dead.
Dowan closely misses you.
You shoot an arrow. The arrow barely misses Dowan.
Dowan hits you but does no damage. Dowan gestures at you while chanting.
The puff of flame hits you.
You shoot an arrow. The arrow hits Dowan!
The arrow freezes Dowan.
You kill Dowan!
You hear a distant scream of rage.
You feel your dexterity returning.
You start resting.
Duvessa, Sister of Dowan comes into view.
She is wielding a +0 short sword.
You shoot an arrow. The arrow hits Duvessa.
The arrow freezes Duvessa.
Duvessa is lightly wounded.
Duvessa goes berserk!
You hear a shout!
You shoot an arrow. The arrow hits Duvessa.
The arrow freezes Duvessa.
Duvessa is moderately wounded.
You hear a shout! x2
You shoot an arrow. The arrow barely misses Duvessa.
You hear a shout!
You shoot an arrow. The arrow hits Duvessa!
The arrow freezes Duvessa.
Duvessa is moderately wounded.
Duvessa hits you with a +0 short sword! x2
You shoot an arrow. The arrow hits Duvessa.
The arrow freezes Duvessa.
Duvessa is heavily wounded.
Duvessa hits you with a +0 short sword!
2868 ||| READING 2 scrolls of teleportation.
As you read the scroll of teleportation, it crumbles to dust.
You feel strangely unstable. Duvessa hits you with a +0 short sword!
You die...

#.# # #.# . . #\#
.# #.# ..# #####
#.# #'.
######...###.# .#
#...#......)e# .#
#..#.#..####@# .#
#.#...#.# #.#
######).\..#####.#
.#....#...#......#
.#.##..#.#..#.####
.#.##...#.....#
#).##.####...##
......# #####
#######


You could see Duvessa (berserk).

Vanquished Creatures
  A phantom (D:3)
  Blork the orc (D:4)
  Dowan (D:4)
  2 hounds
  A jelly (D:4)
  2 orc priests (D:4)
  Terence (D:2)
  Natasha (thrice) (D:4)
  An orc wizard (D:4)
  6 adders
  2 worms
  A dart slug (D:1)
  10 orcs
  7 ball pythons
  6 endoplasms
  5 giant cockroaches
  8 goblins
  5 hobgoblins
  5 kobolds
  3 quokkas
  4 bats
  8 frilled lizards
  4 rats
87 creatures vanquished.

Notes
Turn   | Place    | Note
-------+----------+-------------------------------------------
     0 | D:1      | qw the Gargoyle Hexslinger began the quest for the Orb.
     0 | D:1      | Reached XP level 1. HP: 12/12 MP: 2/2
     0 | D:1      | 0 ||| qw: Version: 0.3-a-52-g30416fa
     0 | D:1      | 0 ||| qw: Game counter: 6302
     0 | D:1      | 0 ||| qw: Melee chars always use a shield: true
     0 | D:1      | 0 ||| qw: God list: Okawaru
     0 | D:1      | 0 ||| qw: Allow faded altars: false
     0 | D:1      | 0 ||| qw: Do Orc after clearing Dungeon:15 true
     0 | D:1      | 0 ||| qw: Do second Lair branch before Depths: true
     0 | D:1      | 0 ||| qw: Lair rune preference: random
     0 | D:1      | 0 ||| qw: Goals: Normal
     0 | D:1      | 0 ||| PLANNING D:1-11
    77 | D:1      | Reached XP level 2. HP: 13/16 MP: 3/3
   177 | D:1      | Reached skill level 3 in Ranged Weapons
   429 | D:1      | Reached XP level 3. HP: 21/21 MP: 4/4
   596 | D:1      | 596 ||| READING scroll labelled LOB LUAGRAAMO.
   596 | D:1      | Identified a scroll of acquirement
   596 | D:1      | 596 ||| ACQUIRING +3 orcbow of freezing
   596 | D:1      | Acquired a +3 orcbow of freezing
   598 | D:1      | 598 ||| SWAPPING to +3 orcbow of freezing.
   599 | D:1      | 599 ||| DROPPING +1 sling.
   600 | D:1      | 600 ||| READING scroll labelled PUPE ZUKUH.
   603 | D:1      | 603 ||| DROPPING scroll of poison.
   630 | D:2      | Noticed Terence
   633 | D:2      | Killed Terence
   674 | D:2      | Found an opulent altar of Gozag.
   733 | D:2      | Found a runed translucent door.
   734 | D:2      | Noticed Crazy Yiuf
   815 | D:2      | Reached XP level 4. HP: 26/26 MP: 5/5
   816 | D:2      | Found Renisch's Book Boutique.
   816 | D:2      | Noticed a walking crystal tome
   817 | D:2      | Noticed a walking crystal tome
   961 | D:2      | Reached skill level 4 in Ranged Weapons
  1302 | D:2      | 1302 ||| UPGRADING to +0 pair of boots.
  1307 | D:2      | 1307 ||| READING scroll labelled BIUWAOSK YFOCSORGH.
  1308 | D:2      | 1308 ||| DRINKING 2 amethyst potions.
  1317 | D:2      | 1317 ||| DROPPING potion of ambrosia.
  1429 | D:3      | Noticed a phantom
  1433 | D:3      | Killed a phantom
  1434 | D:3      | Reached skill level 5 in Ranged Weapons
  1434 | D:3      | Reached XP level 5. HP: 30/30 MP: 6/6
  1446 | D:3      | Found a faded altar of an unknown god.
  2110 | D:3      | Found a large runed translucent door.
  2110 | D:3      | Found a large runed translucent door.
  2117 | D:3      | 2117 ||| UPGRADING to +0 leather armour.
  2127 | D:3      | 2127 ||| DROPPING +0 robe.
  2128 | D:3      | 2128 ||| READING 2 scrolls labelled URACLOWNY GOG.
  2129 | D:3      | 2129 ||| READING scroll labelled AXUSAM COTAEB.
  2130 | D:3      | 2130 ||| READING scroll labelled MUIZONA SOYGH.
  2131 | D:3      | 2131 ||| DRINKING 2 smoky puce potions.
  2165 | D:3      | 2165 ||| DROPPING potion of lignification.
  2220 | D:4      | Found a glowing golden altar of the Shining One.
  2248 | D:4      | Reached skill level 3 in Fighting
  2265 | D:4      | Found a shadowy altar of Dithmenos.
  2271 | D:4      | Reached XP level 6. HP: 37/37 MP: 7/7
  2305 | D:4      | 2305 ||| Stepping ~*~*~tactically~*~*~ (outnumbered).
  2333 | D:4      | Reached skill level 6 in Ranged Weapons
  2350 | D:4      | Noticed Natasha
  2352 | D:4      | Killed Natasha
  2353 | D:4      | Reached skill level 1 in Armour
  2417 | D:4      | Identified the +6 short sword "Uneaxzont" {spect, rF+ rN+
                  | Dex+2}
  2435 | D:4      | Found Emaih's Assorted Antiques.
  2435 | D:4      | Noticed Natasha
  2437 | D:4      | Killed Natasha
  2456 | D:4      | 2456 ||| BUYING 2 scrolls labelled HASUHA WATAI (50 gold).
  2456 | D:4      | Bought 2 scrolls labelled HASUHA WATAI for 50 gold pieces
  2456 | D:4      | 2456 ||| BUYING blue potion (22 gold).
  2456 | D:4      | Bought a blue potion for 22 gold pieces
  2456 | D:4      | 2456 ||| BUYING dented filigree amulet (125 gold).
  2456 | D:4      | Bought a dented filigree amulet for 125 gold pieces
  2456 | D:4      | 2456 ||| SHOPLISTING glowing copper wand (100 gold, have
                  | 16).
  2456 | D:4      | 2456 ||| SHOPLISTING orange potion (22 gold, have 16).
  2460 | D:4      | Noticed Blork the orc
  2464 | D:4      | Killed Blork the orc
  2465 | D:4      | Reached XP level 7. HP: 38/43 MP: 8/8
  2466 | D:4      | Noticed Natasha
  2471 | D:4      | Killed Natasha
  2599 | D:4      | 2599 ||| Stepping ~*~*~tactically~*~*~ (outnumbered).
  2603 | D:4      | 2603 ||| STAIRDANCE
  2719 | D:3      | 2719 ||| UPGRADING to amulet of regeneration.
  2724 | D:3      | 2724 ||| UPGRADING to +4 ring of slaying {mikee}.
  2725 | D:3      | 2725 ||| READING 3 scrolls labelled ELYOMI TAPI.
  2734 | D:3      | 2734 ||| READING 2 scrolls labelled HASUHA WATAI.
  2735 | D:3      | 2735 ||| READING scroll labelled WAVI GYNUI.
  2736 | D:3      | 2736 ||| DRINKING 2 purple potions.
  2737 | D:3      | 2737 ||| DRINKING 2 bubbling grey potions.
  2738 | D:3      | 2738 ||| DROPPING 2 scrolls of torment.
  2739 | D:3      | 2739 ||| DROPPING scroll of amnesia.
  2740 | D:3      | 2740 ||| DROPPING potion of magic.
  2741 | D:3      | 2741 ||| DROPPING potion of degeneration.
  2803 | D:4      | Found a sacrificial altar of Ru.
  2831 | D:4      | Found Qomemmut's Distillery.
  2839 | D:4      | 2839 ||| SHOPLISTING potion of curing (42 gold, have 16).
  2839 | D:4      | 2839 ||| SHOPLISTING potion of enlightenment (70 gold, have
                  | 16).
  2839 | D:4      | 2839 ||| SHOPLISTING potion of heal wounds (70 gold, have
                  | 16).
  2839 | D:4      | 2839 ||| SHOPLISTING potion of mutation (112 gold, have
                  | 16).
  2852 | D:4      | Found Ropaqesh's General Store.
  2852 | D:4      | Noticed Dowan
  2861 | D:4      | Killed Dowan
  2862 | D:4      | Noticed Duvessa
  2867 | D:4      | HP: 8/43 [Duvessa/+0 short sword (10)]
  2868 | D:4      | 2868 ||| READING 2 scrolls of teleportation.
  2868 | D:4      | Mangled by Duvessa

Levels and vault maps discovered:
D:1:      dpeg_arrival_windows_large_door, layout_loops_ring, minivault_25,
          nrook_campfire
D:2:      layout_loops_ring, serial_shops, nicolae_shop_mannequins, basic_altar,
          uniq_crazy_yiuf_cottage, uniq_terence
D:3:      layout_basic, jmf_multi_god_temple2, basic_ecumenical_altar
D:4:      layout_loops_ring, nicolae_ru_great_annihilating_truth,
          nicolae_overflow_crystal_walls, mainiacjoe_overflow_catwalk,
          serial_shops, shop, shop, nicolae_diamond_shop, uniq_natasha,
          uniq_blork_the_orc, uniq_duvessa

Skill      XL: |  1  2  3  4  5  6 |
---------------+-------------------+-----
Ranged Weapons | 3 5 6 |  6.9
Fighting       | 2 3 4 |  4.2
Armour         | 1 |  1.0
Dodging        | |  1.5
Spellcasting   | |  1.0
Hexes          | |  2.6

Action                     |  1- 3 |  4- 6 |  7- 9 || total
---------------------------+-------+-------+-------++-------
   Fire: Sling             |    61 |       |       ||    61
         Orcbow            |    10 |   104 |    44 ||   158
    Use: Scroll            |     2 |     4 |     4 ||    10
         Potion            |       |     2 |     2 ||     4
 Armour: Robe              |     7 |     6 |       ||    13
         Leather armour    |       |     7 |     2 ||     9
  Dodge: Dodged            |    17 |    17 |    11 ||    45

Table legend:
 A = Non-vault XP
 B = Vault XP
 C = Vault XP percentage of total XP
 D = Non-vault monster count
 E = Vault monster count
 F = Vault count percentage of total count
                 A         B        C        D         E       F
            +---------+---------+-------+---------+---------+-------
      Total |     588 |     281 |  32.3 |      79 |       8 |   9.2
            +---------+---------+-------+---------+---------+-------
        D:1 |      39 |       0 |   0.0 |      22 |       0 |   0.0
        D:2 |      33 |      36 |  52.2 |      13 |       1 |   7.1
        D:3 |     192 |       0 |   0.0 |      16 |       0 |   0.0
        D:4 |     324 |     245 |  43.1 |      28 |       7 |  20.0
            +---------+---------+-------+---------+---------+-------
